 Dungeon Crawl Stone Soup version 0.21.1-1-g345015f (webtiles) character file.

1570 Fang the Cudgeler (level 8, 0/51 HPs)
             Began as a Gargoyle Berserker on May 2, 2018.
             Was a Priest of Trog.
             Killed by nerve-wracking pain
             ... invoked by Menkaure
              (6 damage)
             ... on level 6 of the Dungeon.
             The game lasted 00:14:33 (4341 turns).

Fang the Cudgeler (Gargoyle Berserker)              Turns: 4341, Time: 00:14:34

Health: 0/51       AC:  9    Str: 22    XL:     8   Next: 90%
Magic:  8/8        EV: 13    Int:  9    God:    Trog [***...]
Gold:   233        SH:  0    Dex:  9    Spells: 7/7 levels left

rFire    . . .     SeeInvis .   m - +2 whip (venom)
rCold    . . .     Gourm    .   (no shield)
rNeg     + . .     Faith    .   b - +2 animal skin
rPois    ∞         Spirit   .   (no helmet)
rElec    +         Reflect  .   (no cloak)
rCorr    +         Harm     .   (no gloves)
MR       .....                  (no boots)
Stlth    ++........             o - amulet of regeneration
HPRegen  0.57/turn              e - ring of flight
MPRegen  0.11/turn              p - ring of resist corrosion

@: berserk cooldown, slowed, very slow
A: negative energy resistance 1, electricity resistance, unbreathing,
petrification resistance, rot immunity, AC +5
a: Berserk, Trog's Hand, Burn Spellbooks, Renounce Religion, Evoke Flight


You were on level 6 of the Dungeon.
You worshipped Trog.
Trog was most pleased with you.
You were hungry.

You visited 1 branch of the dungeon, and saw 7 of its levels.

You collected 233 gold pieces.

Inventory:

Hand Weapons
 a - a +0 hand axe
 m - a +2 whip of venom (weapon)
Armour
 b - a +2 animal skin (worn)
Jewellery
 e - a ring of flight (left hand)
 o - an amulet of regeneration (around neck)
 p - a ring of resist corrosion (right hand)
Wands
 d - a wand of iceblast (8)
 h - a wand of random effects (23)
Scrolls
 g - 2 scrolls of enchant armour
 k - a scroll of remove curse
Potions
 i - a potion of invisibility
 j - 2 potions of haste
 l - 3 potions of heal wounds
 n - 3 potions of cancellation
Comestibles
 c - 14 rations


   Skills:
 + Level 6.0 Fighting
 + Level 4.1(5.7) Axes
 + Level 6.8(7.4) Maces & Flails
 + Level 2.3 Armour
 + Level 4.3 Dodging
 + Level 3.7 Stealth


You had 7 spell levels left.
You didn't know any spells.

Dungeon Overview and Level Annotations

Branches:
Dungeon (7/15)
 Temple: D:4-7

Altars:
Ashenzari
Gozag
Nemelex Xobeh
Trog
Uskayaw
Wu Jian

Shops:
D:4 *

Annotations:
D:6 Menkaure


Innate Abilities, Weirdness & Mutations

You are resistant to torment.
Your stone body is resilient. (AC +5)
You are immune to poison.
You resist negative energy. (rN+)
You are resistant to electric shocks. (rElec)
You can survive without breathing.
You are immune to petrification.
You are immune to rotting.


Message History

Menkaure hits you.
You hit Menkaure.
Menkaure is moderately damaged.
Menkaure hits you!
* * * LOW HITPOINT WARNING * * *
Menkaure hits you.
* * * LOW HITPOINT WARNING * * *
You barely miss Menkaure.
Menkaure is moderately damaged.
Menkaure rustles a few words.
Menkaure barely misses you.
You hit Menkaure but do no damage.
Menkaure is moderately damaged.
Menkaure calls on the powers of darkness!
You feel a surge of unholy energy.
You hit Menkaure.
Menkaure is heavily damaged.
Menkaure points at you and mumbles some strange words.
Pain shoots through your body!
You die...

# #........#.## #
#........#..# .........
#####.........#.##.......>.
....#.._...................
.##.##...###...............
.............#...........
.........######.##.....
................####.#
.........#####..@.(()#
.........# #...M.(#...o.#
########## #.#.##(#####.#
#..#.##.# .# ####.##)# ##.#
. #.##M##...# ..##)...####
.###))...... ##.#......


You could see Menkaure and an orc (fleeing).

Vanquished Creatures
  Grinder (D:3)
  Sigmund (D:5)
  Duvessa (D:5)
  2 phantoms (D:6)
  A necrophage (D:5)
  2 ogres
  A bullfrog (D:6)
  Dowan (D:5)
  2 scorpions
  2 hounds (D:4)
  A jelly (D:5)
  3 orc wizards (D:6)
  4 worker ants
  8 gnolls
  5 adders
  2 oozes
  An adder skeleton (D:4)
  A worm (D:2)
  4 dart slugs
  7 orcs (D:6)
  2 giant cockroaches (D:4)
  5 goblins
  4 hobgoblins
  7 kobolds
  2 ball pythons
  A ball python zombie (D:5)
  6 bats
  4 frilled lizards
  2 jackal skeletons
  A leopard gecko skeleton (D:6)
  A leopard gecko zombie (D:5)
  4 rats
89 creatures vanquished.

Vanquished Creatures (others)
  An orc wizard (D:6)
1 creature vanquished.

Grand Total: 90 creatures vanquished

Notes
Turn   | Place    | Note
-------+----------+-------------------------------------------
     0 | D:1      | Fang the Gargoyle Berserker began the quest for the Orb.
     0 | D:1      | Reached XP level 1. HP: 14/14 MP: 1/1
   142 | D:1      | Reached XP level 2. HP: 16/19 MP: 2/2
   611 | D:2      | Reached XP level 3. HP: 16/24 MP: 3/3
  1071 | D:2      | Found an opulent altar of Gozag.
  1071 | D:2      | Found a sparkling altar of Nemelex Xobeh.
  1072 | D:2      | Found a hide-covered altar of Uskayaw.
  1074 | D:2      | Found an ornate altar of the Wu Jian Council.
  1075 | D:2      | Found a shattered altar of Ashenzari.
  1188 | D:2      | Reached ** piety under Trog
  1323 | D:2      | Reached XP level 4. HP: 12/29 MP: 4/4
  2339 | D:3      | Noticed Grinder
  2358 | D:3      | Killed Grinder
  2358 | D:3      | Reached skill level 1 in Stealth
  2358 | D:3      | Reached XP level 5. HP: 32/34 MP: 5/5
  2358 | D:3      | Reached XP level 6. HP: 37/39 MP: 6/6
  2965 | D:4      | Found Taerieb's General Store.
  3167 | D:4      | Reached XP level 7. HP: 36/44 MP: 7/7
  3480 | D:5      | Entered Level 5 of the Dungeon
  3482 | D:5      | Noticed Duvessa
  3482 | D:5      | Noticed Dowan
  3492 | D:5      | Killed Dowan
  3502 | D:5      | Killed Duvessa
  3618 | D:5      | Reached skill level 5 in Fighting
  3793 | D:5      | Reached XP level 8. HP: 49/49 MP: 8/8
  3819 | D:5      | Noticed Sigmund
  3836 | D:5      | Killed Sigmund
  3836 | D:5      | Reached skill level 5 in Maces & Flails
  4257 | D:6      | Found a bloodstained altar of Trog.
  4311 | D:6      | Reached *** piety under Trog
  4319 | D:6      | Noticed Menkaure
  4341 | D:6      | Killed from afar by Menkaure

Skill      XL: |  1  2  3  4  5  6  7  8 |
---------------+-------------------------+-----
Axes           | 3 4 |  4.1
Dodging        | 2 3 4 |  4.3
Fighting       | 4 5 6 |  6.0
Maces & Flails | 2 3 4 6 |  6.8
Stealth        | 1 2 3 |  3.7
Armour         | |  2.3

Action                   |  1- 3 |  4- 6 |  7- 9 || total
-------------------------+-------+-------+-------++-------
Melee: Hand axe          |    80 |       |       ||    80
       Whip              |    17 |    72 |   172 ||   261
Invok: Berserk           |       |     2 |     2 ||     4
  Use: Scroll            |       |     7 |     6 ||    13
 Stab: Sleeping          |     1 |       |     2 ||     3
  Eat: Chunk             |     1 |     4 |     2 ||     7
       Ration            |       |     1 |     1 ||     2
Armor: Animal skin       |    37 |    23 |    54 ||   114
Dodge: Dodged            |    65 |    48 |   111 ||   224
